 Dungeon Crawl Stone Soup version 0.28-a0-8-g6e044cfa68 (webtiles) character file.

Game seed: 16544897169835680152

13 Spectrina the Sneak (level 2, -1/25 HPs)
             Began as a Djinni Delver on July 24, 2021.
             Was an Initiate of Ashenzari.
             Slain by a sky beast (6 damage)
             ... on level 7 of the Dungeon.
             The game lasted 00:02:02 (260 turns).

Spectrina the Sneak (Djinni Delver)                  Turns: 260, Time: 00:02:03

Health: -1/25      AC:  3    Str: 11    XL:     2   Next: 50%
Gold:   16         EV: 12    Int: 11    God:    Ashenzari [......] SH:  0 Dex: 14

rFire   + + .      SeeInvis .   j - +3 spear
rCold   x . .      Faith    .   (no shield)
rNeg    . . .      Spirit   .   a - +0 leather armour
rPois   ∞          Reflect  .   (no helmet)
rElec   .          Harm     .   (no cloak)
rCorr   .          Rampage  .   (no gloves)
Will    .....                   (boots unavailable)
Stlth   ++........              (no amulet)
HPRegen 0.08/turn               (no ring)
MPRegen 0.00/turn               (no ring)

@: flying
A: sickness immunity, fire resistance 2, cold vulnerability 1, float, innate
caster, hp casting, extra vitality 1
a: Renounce Religion


You were on level 7 of the Dungeon.
You worshipped Ashenzari.
Ashenzari was noncommittal.
You visited 1 branch of the dungeon, and saw 3 of its levels.

You collected 16 gold pieces.

Inventory:

Hand Weapons
 h - a +0 falchion
 j - a +3 spear (weapon)
Missiles
 i - 24 sling bullets
Armour
 a - a +0 leather armour (worn)
Magical Staves
 k - a staff of conjuration
Wands
 f - a wand of digging (3)
 g - a wand of iceblast (8)
Scrolls
 b - a scroll of fog
 c - a scroll of magic mapping
 d - a scroll of fear
Potions
 e - a potion of haste
 l - a potion of lignification


   Skills:
 - Level 3.0 Fighting
 - Level 2.1 Dodging
 - Level 4.1 Stealth
 - Level 2.0 Unarmed Combat
 + Level 1.4 Spellcasting


You had 3 spell levels left.
You didn't know any spells.
Your spell library was empty.

Dungeon Overview and Level Annotations

Branches:
Dungeon (5/15)
 Temple: D:4-7

Altars:
Ashenzari


Innate Abilities, Weirdness & Mutations

You are immune to sickness and miasma.
You are immune to poison.
Your flesh is very heat resistant. (rF++)
You are vulnerable to cold. (rC-)
You float through the air rather than walking.
You learn spells naturally, not from books.
Your magical power is your life essence.
You have superior vitality. (+4 HP)


Message History

You are sucked into a shaft and drop 2 floors!
The shaft crumbles and collapses.
Found a twisted glowing staff.
Unknown command.
Found a book of Vapours.
Unknown command.
Found a broken altar of Ashenzari.
You see here a staff of conjuration.
k - a staff of conjuration
There is a broken altar of Ashenzari here.
You hover solemnly before the altar of Ashenzari.
You hover solemnly before the altar of Ashenzari.
Ashenzari welcomes you!
Ashenzari warns you of distant threats and treasures.
Ashenzari reveals the structure of the dungeon to you.
Ashenzari shows you where magical portals lie.
Ashenzari prevents you from stumbling into unseen traps.
Ashenzari identifies your possessions.
Found a ring of flight.
Found a +0 great sword.
Found a potion of lignification.
You see here a potion of lignification.
l - a potion of lignification A sky beast comes into view.
The sky beast flickers out of sight!
Deactivating autopickup; reactivate with Ctrl-A.
A sky beast appears from thin air!
Reactivating autopickup.
The sky beast barely misses you.
Aiming: Iceblast
Press: ? - help, Shift-Dir - straight line The mass of ice explodes!
The iceblast engulfs the sky beast!
The sky beast is heavily wounded.
The sky beast flickers out of sight!
Deactivating autopickup; reactivate with Ctrl-A.
Something hits you. Something shocks you.
* * * LOW HITPOINT WARNING * * *
Unknown command.
Aiming: Iceblast
Press: ? - help, Shift-Dir - straight line The mass of ice explodes!
The iceblast engulfs something!
Something hits you.
* * * LOW HITPOINT WARNING * * *
Something shocks you.
You die...

##
#...##............
##.......###...#..
###.##.=)....## #
#.#....##.##
##.........#
######..........#
##.##.#..........#
#...≈...........##
#...@{.........##
#..............#
#...##....##...#
##.......###...#
##.#.#### #....#
##### #...## #####


There were no monsters in sight!

Vanquished Creatures
  An adder (D:5)
  2 orcs (D:5)
3 creatures vanquished.

Notes
Turn   | Place    | Note
-------+----------+-------------------------------------------
     0 | D:5      | Spectrina the Djinni Delver began the quest for the Orb.
     0 | D:5      | Reached XP level 1. HP: 20/20 MP: 0/0
    11 | D:5      | Noticed an ogre
    41 | D:5      | Noticed a jelly
    86 | D:5      | Reached skill level 1 in Spellcasting
    86 | D:5      | Reached XP level 2. HP: 7/25 MP: 0/0
   133 | D:4      | Noticed a necrophage
   190 | D:5      | You are sucked into a shaft and drop 2 floors!
   196 | D:7      | Found a broken altar of Ashenzari.
   202 | D:7      | Became a worshipper of Ashenzari the Shackled
   238 | D:7      | Noticed a sky beast
   260 | D:7      | Slain by a sky beast

Illustrated notes

Levels and vault maps discovered:
D:4:      layout_basic, mainiacjoe_overflow_two_lobes,
          minmay_temple_entry_large_hall, corner_web_ring, uniq_grinder,
          uniq_menkaure
D:5:      minmay_skewed_foursquare, layout_basic, uniq_eustachio, uniq_edmund
D:7:      layout_cave_pools, ashenzari_altar_1, uniq_duvessa, uniq_pikel

Skill      XL: |  1 |
---------------+----+-----
Spellcasting   | 1 |  1.4
Fighting       | |  3.0
Dodging        | |  2.1
Stealth        | |  4.1
Unarmed Combat | |  2.0

Action                   || total
-------------------------++-------
Melee: Unarmed           ||    30
Evoke: Wand              ||     2
Armor: Leather armour    ||     5
Dodge: Dodged            ||    18

Table legend: (Time is in decaauts)
 A = Elapsed time spent in this place.
 B = Non-inter-level travel time spent in this place.
 C = Inter-level travel time spent in this place.
 D = Time resting spent in this place.
 E = Time spent auto-exploring this place.
 F = Levels seen in this place.
 G = Mean time per level.
                   A        B        C        D        E       F      G
               +--------+--------+--------+--------+--------+-----+--------+
         Total |    258 |    258 |      0 |      0 |      0 |   3 |   86.0 |
       Dungeon |    258 |    258 |      0 |      0 |      0 |   3 |   86.0 |
               +--------+--------+--------+--------+--------+-----+--------+

Top non-repeatable levels by time:
     D:5: 187 daAuts
     D:7: 69 daAuts
     D:4: 1 daAuts
